 Dungeon Crawl Stone Soup version 0.26-a0-818-g75db068ed4 (webtiles) character file.

Game seed: 9736960987688008674

37 runemasterragnar the Stinger (level 3, 0/19 HPs)
             Began as a Tengu Venom Mage on Nov 14, 2020.
             Succumbed to an adder's poison
             ... on level 2 of the Dungeon.
             The game lasted 00:03:01 (1604 turns).

runemasterragnar the Stinger (Tengu Venom Mage)     Turns: 1604, Time: 00:03:02

Health: 0/19       AC:  2    Str:  8    XL:     3   Next: 41%
Magic:  2/7        EV: 19    Int: 16    God:
Gold:   104        SH:  0    Dex: 14    Spells: 0/6 levels left

rFire    . . .     SeeInvis .   (no weapon)
rCold    . . .     Faith    .   (no shield)
rNeg     . . .     Spirit   .   a - +0 robe
rPois    .         Reflect  .   (helmet restricted)
rElec    .         Harm     .   (no cloak)
rCorr    .         Rampage  .   (no gloves)
MR       .....                  (boots unavailable)
Stlth    ++........             (no amulet)
HPRegen  0.06/turn              d - +4 ring of evasion
MPRegen  0.10/turn              (no ring)

@: lethally poisoned (0 -> -10), flying quickly and evasively, quick
A: beak, talons 3
a: no special abilities


You were on level 2 of the Dungeon.
You visited 1 branch of the dungeon, and saw 2 of its levels.

You collected 104 gold pieces.

Inventory:

Hand Weapons
 f - a +0 spear
Armour
 a - a +0 robe (worn)
 e - a +0 ring mail
Jewellery
 d - a +4 ring of evasion (left hand)
 g - an uncursed amulet of guardian spirit
Scrolls
 h - a scroll of magic mapping {unknown}
 i - 2 scrolls of remove curse {unknown}
Potions
 c - a potion of haste {unknown}
 j - a potion of mutation {unknown}


   Skills:
 + Level 2.4 Dodging
 + Level 2.2 Stealth
 + Level 2.1 Spellcasting
 * Level 0.5 Conjurations
 - Level 1.3 Transmutations
 * Level 0.7 Air Magic
 * Level 3.4 Poison Magic


You couldn't memorise any spells.
You knew the following spells:

 Your Spells              Type           Power        Failure   Level
a - Sting                 Tmut/Pois      #...         8%          1
b - Poisonous Vapours     Pois/Air       #.....       13%         2
c - Mephitic Cloud        Conj/Pois/Air  #.......     32%         3

Your spell library contained the following spells:

 Spells                   Type           Power        Failure   Level
 Ignite Poison            Fire/Tmut/Pois #.......     32%         3
 Olgreb's Toxic Radiance  Pois           ##......     43%         4


Dungeon Overview and Level Annotations

Branches:
Dungeon (2/15)

Altars:


Innate Abilities, Weirdness & Mutations

You have a beak for a mouth.
You have claws for feet.


Message History

The adder bites you.
* * * LOW HITPOINT WARNING * * *
You are lethally poisoned!
The adder poisons you!
Casting: Sting (safe; 8% risk of failure)
Confirm with . or Enter, or press ? or * to list all spells.
Aiming: Sting (safe; 8% risk of failure)
Press: ? - help, Shift-Dir - straight line, f - adder
Aim: an adder The sting hits the adder.
The adder is poisoned.
The adder is moderately wounded.
* * * LOW HITPOINT WARNING * * *
You feel sick. The adder bites you.
* * * LOW HITPOINT WARNING * * *
You are more poisoned.
The adder poisons you!
It was a potion of flight.
You feel very buoyant.
You swoop lightly up into the air.
You die...

#.. #..#
#.##.##
#....##
###...#
##..##
#...#
#.#..#
#.##...#
#@# ##.#
#S# .#
#b# #
#.# #.#
#.# #.#
#.# ...


You could see an adder (poisoned) and a bat.

Vanquished Creatures
  An ooze (D:1)
  A dart slug (D:1)
  A leopard gecko (D:2)
  3 bats
  A giant cockroach (D:2)
  3 goblins
  4 hobgoblins (D:1)
  2 jackals (D:1)
  7 kobolds
  2 frilled lizards
  2 rats (D:1)
27 creatures vanquished.

Notes
Turn   | Place    | Note
-------+----------+-------------------------------------------
     0 | D:1      | runemasterragnar the Tengu Venom Mage began the quest for
                  | the Orb.
     0 | D:1      | Reached XP level 1. HP: 10/10 MP: 4/4
    26 | D:1      | Reached skill level 1 in Transmutations
   390 | D:1      | Reached XP level 2. HP: 4/15 MP: 4/6
  1143 | D:1      | Learned a level 2 spell: Poisonous Vapours
  1288 | D:1      | Reached XP level 3. HP: 17/19 MP: 4/7
  1513 | D:1      | Learned a level 3 spell: Mephitic Cloud
  1604 | D:2      | Succumbed to an adder's poison

Illustrated notes

Levels and vault maps discovered:
D:1:      eino_arrival_cavern_b, layout_basic
D:2:      layout_rooms, marbit_many_paths

Skill      XL: |  1 |
---------------+----+-----
Transmutations | 1 |  1.3
Dodging        | |  2.4
Stealth        | |  2.2
Spellcasting   | |  2.1
Conjurations   | |  0.5
Air Magic      | |  0.7
Poison Magic   | |  3.4

Action                   || total
-------------------------++-------
Melee: Unarmed           ||    63
       Kick              ||    17
       Peck              ||     8
 Cast: Sting             ||    32
  Use: Scroll            ||     1
       Potion            ||     1
 Stab: Sleeping          ||     1
Armor: Robe              ||     8
Dodge: Dodged            ||    52

Table legend: (Time is in decaauts)
 A = Elapsed time spent in this place.
 B = Non-inter-level travel time spent in this place.
 C = Inter-level travel time spent in this place.
 D = Time resting spent in this place.
 E = Time spent auto-exploring this place.
 F = Levels seen in this place.
 G = Mean time per level.
                   A        B        C        D        E       F      G
               +--------+--------+--------+--------+--------+-----+--------+
         Total |   1603 |   1588 |     15 |    631 |    719 |   2 |  801.5 |
       Dungeon |   1603 |   1588 |     15 |    631 |    719 |   2 |  801.5 |
               +--------+--------+--------+--------+--------+-----+--------+

Top non-repeatable levels by time:
     D:1: 1528 daAuts
     D:2: 75 daAuts
